MID
LAKE COUNTY CAPTAINS @ LANSING LUGNUTS
04/21/2044
 
TOP OF THE 1ST
Lake County Captains batting - Pitching for Lansing Lugnuts : RHP David Murphy
Pitching: RHP David Murphy
Batting: LHB Tim Fuller 0-0: Foul Ball, location: 2F
0-1: Ball
1-1: Foul Ball, location: 2F
1-2: Strikes out swinging
Batting: LHB Yasuo Igarashi 0-0: Ball
1-0: Ground out 6-3 (Groundball, 4M, EV 105.0 MPH)
Batting: LHB Justin Rankin 0-0: Ball
1-0: Ground out U3 (Groundball, 34, EV 88.8 MPH)
Top of the 1st over - 0 runs, 0 hits, 0 errors, 0 left on base; Lake County 0 - Lansing 0
BOTTOM OF THE 1ST
Lansing Lugnuts batting - Pitching for Lake County Captains : RHP Kensaku Shiba
Pitching: RHP Kensaku Shiba
Batting: SHB Joel Baker 0-0: Ball
1-0: Reached on error, E6 (Popup, 6D, EV 55.6 MPH)
Batting: RHB Finn Ross 0-0: Foul Ball, location: 2F
0-1: Ball
1-1: Bunt - Flyout to 23! F3
Batting: LHB David Ramirez 0-0: Called Strike
0-1: Ball
1-1: Hit by Pitch
Joel Baker to second
Batting: SHB Jose Garcia 0-0: Ball
Joel Baker steals 3rd base
David Ramirez to second
1-0: SINGLE (Groundball, 34D, EV 101.9 MPH)
Joel Baker scores
David Ramirez to third
Runner from 3rd tries for Home, SAFE, throw by RF to home
Batting: RHB Ivan Ramirez 0-0: Ball
Jose Garcia steals 2nd base (no throw)
1-0: Foul Ball, location: 2F
1-1: Foul Ball, location: 2F
1-2: Strikes out swinging
Batting: RHB Tony Stedman 0-0: Ball
1-0: Fly out, F9 (Flyball, 9D, EV 99.4 MPH)
Bottom of the 1st over - 2 runs, 1 hit, 1 error, 1 left on base; Lake County 0 - Lansing 2
TOP OF THE 2ND
Lake County Captains batting - Pitching for Lansing Lugnuts : RHP David Murphy
Batting: SHB Charlie Diesel 0-0: Ball
1-0: Reached on error, E5 (Popup, 5S, EV 73.1 MPH)
Batting: SHB Travis Burnett 0-0: Ball
1-0: Foul Ball, location: 2F
1-1: Ball
2-1: SINGLE (Line Drive, 4MD, EV 97.5 MPH)
Charlie Diesel to second
Batting: RHB Adrian Martinelli 0-0: Foul Ball, location: 2F
0-1: Ball
1-1: Swinging Strike
1-2: Foul Ball, location: 2F
1-2: Strikes out looking
Batting: LHB Danny Moreno 0-0: Foul Ball, location: 2F
0-1: Ball
1-1: Grounds into double play, 4-6-3 (Groundball, 4, EV 100.0 MPH)
Top of the 2nd over - 0 runs, 1 hit, 1 error, 1 left on base; Lake County 0 - Lansing 2
BOTTOM OF THE 2ND
Lansing Lugnuts batting - Pitching for Lake County Captains : RHP Kensaku Shiba
Batting: RHB Bryan Westray 0-0: Ball
1-0: Called Strike
1-1: Ball
2-1: Foul Ball, location: 2F
2-2: Ground out U3 (Groundball, 23, EV 85.0 MPH)
Batting: LHB Roger Escareno 0-0: Ball
1-0: Ball
2-0: Ball
3-0: Base on Balls
Batting: RHB Luis Reyes 0-0: Ball
1-0: Called Strike
1-1: Fly out, F7 (Flyball, 78S, EV 86.9 MPH)
Batting: SHB Joel Baker 0-0: Swinging Strike
0-1: Ball
1-1: Ball
2-1: Foul Ball, location: 2F
2-2: Ball
3-2: DOUBLE (Line Drive, 5D, EV 95.0 MPH)
Roger Escareno to third
Roger Escareno scores
Batting: RHB Finn Ross 0-0: Ball
1-0: Ball
2-0: Called Strike
2-1: Ground out 6-3 (Groundball, 6, EV 86.2 MPH)
Bottom of the 2nd over - 1 run, 1 hit, 0 errors, 1 left on base; Lake County 0 - Lansing 3
TOP OF THE 3RD
Lake County Captains batting - Pitching for Lansing Lugnuts : RHP David Murphy
Batting: LHB Ubbe de Bruin 0-0: SINGLE (Groundball, 34D, EV 106.2 MPH)
Batting: LHB Alan Kelly 0-0: Grounds into double play, 6-4-3 (Groundball, 6, EV 96.2 MPH)
Batting: LHB Tim Fuller 0-0: Foul Ball, location: 2F
0-1: Ball
1-1: Ball
2-1: Ball
3-1: Called Strike
3-2: Foul Ball, location: 2F
3-2: Foul Ball, location: 2F
3-2: Strikes out swinging
Top of the 3rd over - 0 runs, 1 hit, 0 errors, 0 left on base; Lake County 0 - Lansing 3
BOTTOM OF THE 3RD
Lansing Lugnuts batting - Pitching for Lake County Captains : RHP Kensaku Shiba
Batting: LHB David Ramirez 0-0: Ball
1-0: Fly out, F7 (Line Drive, 7, EV 104.4 MPH)
Batting: SHB Jose Garcia 0-0: Ball
1-0: Called Strike
1-1: Ball
2-1: Fly out, F9 (Flyball, 9LM, EV 97.5 MPH)
Batting: RHB Ivan Ramirez 0-0: SOLO HOME RUN (Flyball, 78XD, EV 99.4 MPH), Distance : 413 ft
Batting: RHB Tony Stedman 0-0: Ball
1-0: Ball
2-0: Called Strike
2-1: Foul Ball, location: 2F
2-2: Foul Ball, location: 2F
2-2: Ball
3-2: Base on Balls
Batting: RHB Bryan Westray 0-0: Called Strike
0-1: DOUBLE (Flyball, 8LXD, EV 90.0 MPH)
Tony Stedman to third
Batting: LHB Roger Escareno 0-0: Ball
1-0: Foul Ball, location: 2F
1-1: Foul Ball, location: 2F
1-2: SINGLE (Groundball, 6M, EV 105.0 MPH) (infield hit)
Tony Stedman scores
Bryan Westray to third
Pitching: RHP Ken Shear
Batting: RHB Luis Reyes 0-0: Ball
1-0: Ball
2-0: Ball
3-0: Base on Balls
Roger Escareno to second
Batting: SHB Joel Baker 0-0: Ball
1-0: Called Strike
1-1: Ball
2-1: Foul Ball, location: 2F
2-2: Ball
3-2: SINGLE (Groundball, 34S, EV 75.6 MPH) (infield hit)
Bryan Westray scores
Roger Escareno to third
Luis Reyes to second
Batting: RHB Finn Ross 0-0: Called Strike
0-1: Ball
1-1: Foul Ball, location: 2F
1-2: Ball
2-2: Foul Ball, location: 2F
2-2: SINGLE (Groundball, 15S, EV 70.0 MPH) (infield hit)
Roger Escareno scores
Luis Reyes to third
Joel Baker to second
Batting: LHB David Ramirez 0-0: SINGLE (Line Drive, 8LM, EV 93.8 MPH)
Luis Reyes scores
Joel Baker to third
Finn Ross to second
Pitching: LHP Alcander Magos
Batting: SHB Jose Garcia 0-0: Ball
1-0: Foul Ball, location: 2F
1-1: Fly out, F9 (Line Drive, 9, EV 91.9 MPH)
Bottom of the 3rd over - 5 runs, 6 hits, 0 errors, 3 left on base; Lake County 0 - Lansing 8
TOP OF THE 4TH
Lake County Captains batting - Pitching for Lansing Lugnuts : RHP David Murphy
Batting: LHB Yasuo Igarashi 0-0: SINGLE (Groundball, 13S, EV 75.0 MPH) (infield hit)
Batting: LHB Justin Rankin 0-0: Ball
1-0: Ball
2-0: Ball
3-0: Foul Ball, location: 2F
3-1: Called Strike
3-2: Fielders Choice at 2nd, 4-6 (Groundball, 4, EV 82.5 MPH)
Batting: SHB Charlie Diesel 0-0: Ball
1-0: Swinging Strike
1-1: Swinging Strike
1-2: Foul Ball, location: 2F
1-2: Foul Ball, location: 2F
1-2: Ball
2-2: Ball
3-2: Strikes out swinging
Batting: SHB Travis Burnett 0-0: Called Strike
0-1: Called Strike
0-2: Ground out U3 (Groundball, 34, EV 102.5 MPH)
Top of the 4th over - 0 runs, 1 hit, 0 errors, 1 left on base; Lake County 0 - Lansing 8
BOTTOM OF THE 4TH
Lansing Lugnuts batting - Pitching for Lake County Captains : LHP Alcander Magos
Batting: RHB Ivan Ramirez 0-0: Fly out, F4 (Popup, 34S, EV 85.0 MPH)
Batting: RHB Tony Stedman 0-0: Swinging Strike
0-1: Swinging Strike
0-2: Ground out 2-3 (Groundball, 15S, EV 74.4 MPH)
Batting: RHB Bryan Westray 0-0: Foul Ball, location: 2F
0-1: Foul Ball, location: 2F
0-2: Ball
1-2: Foul Ball, location: 2F
1-2: Ball
2-2: SINGLE (Groundball, 6D, EV 95.6 MPH)
Batting: LHB Roger Escareno 0-0: Ball
1-0: Called Strike
1-1: Ball
2-1: Ball
3-1: Foul Ball, location: 2F
3-2: Reached on error, E5 (Groundball, 5S, EV 67.5 MPH)
Bryan Westray to second
Batting: RHB Luis Reyes 0-0: Foul Ball, location: 2F
0-1: Ball
1-1: Swinging Strike
1-2: Foul Ball, location: 2F
1-2: Ball
2-2: Ball
3-2: Strikes out looking
Bottom of the 4th over - 0 runs, 1 hit, 1 error, 2 left on base; Lake County 0 - Lansing 8
TOP OF THE 5TH
Lake County Captains batting - Pitching for Lansing Lugnuts : RHP David Murphy
Batting: RHB Adrian Martinelli 0-0: Ball
1-0: Foul Ball, location: 2F
1-1: Ground out 6-3 (Groundball, 6, EV 80.0 MPH)
Batting: LHB Danny Moreno 0-0: Ball
1-0: Called Strike
1-1: Called Strike
1-2: Strikes out looking
Batting: LHB Ubbe de Bruin 0-0: Called Strike
0-1: Ground out 5-3 (Groundball, 56, EV 93.1 MPH)
Top of the 5th over - 0 runs, 0 hits, 0 errors, 0 left on base; Lake County 0 - Lansing 8
BOTTOM OF THE 5TH
Lansing Lugnuts batting - Pitching for Lake County Captains : LHP Alcander Magos
Batting: SHB Joel Baker 0-0: Called Strike
0-1: Foul Ball, location: 2F
0-2: Foul Ball, location: 2F
0-2: Foul Ball, location: 2F
0-2: Ball
1-2: SINGLE (Line Drive, 8LS, EV 86.9 MPH)
Batting: RHB Finn Ross 0-0: Ball
1-0: Called Strike
1-1: Fielders Choice at 2nd, 6-4 (Groundball, 6M, EV 107.5 MPH)
Batting: LHB David Ramirez 0-0: Called Strike
0-1: Ball
1-1: Called Strike
Finn Ross is caught stealing 2nd base 2-6
1-2: Ball
2-2: Ground out U3 (Groundball, 3, EV 99.4 MPH)
Bottom of the 5th over - 0 runs, 1 hit, 0 errors, 0 left on base; Lake County 0 - Lansing 8
TOP OF THE 6TH
Lake County Captains batting - Pitching for Lansing Lugnuts : RHP David Murphy
Batting: LHB Alan Kelly 0-0: Ball
1-0: Foul Ball, location: 2F
1-1: Ball
2-1: Fly out, F7 (Flyball, 7S, EV 86.9 MPH)
Batting: LHB Tim Fuller 0-0: Called Strike
0-1: Foul Ball, location: 2F
0-2: Strikes out swinging
Batting: LHB Yasuo Igarashi 0-0: Called Strike
0-1: Called Strike
0-2: Ball
1-2: Foul Ball, location: 2F
1-2: Ball
2-2: Ball
3-2: Foul Ball, location: 2F
3-2: Foul Ball, location: 2F
3-2: Foul Ball, location: 2F
3-2: Foul Ball, location: 2F
3-2: Strikes out looking
Top of the 6th over - 0 runs, 0 hits, 0 errors, 0 left on base; Lake County 0 - Lansing 8
BOTTOM OF THE 6TH
Lansing Lugnuts batting - Pitching for Lake County Captains : LHP Alcander Magos
Batting: SHB Jose Garcia 0-0: Called Strike
0-1: Ball
1-1: Ball
2-1: Hit by Pitch
Pitching: LHP Aaron Manees
Batting: RHB Ivan Ramirez 0-0: Ball
1-0: Called Strike
1-1: Ball
Wild Pitch!
Jose Garcia to second
2-1: Foul Ball, location: 2F
2-2: Foul Ball, location: 2F
2-2: Foul Ball, location: 2F
2-2: Ball
3-2: Ground out 4-3 (Groundball, 4M, EV 106.2 MPH)
Jose Garcia to third
Batting: RHB Tony Stedman 0-0: Foul Ball, location: 2F
0-1: Fly out, F8 (Flyball, 8RS, EV 83.1 MPH)
Batting: RHB Bryan Westray 0-0: Ball
1-0: Ground out 4-3 (Groundball, 4, EV 91.2 MPH)
Bottom of the 6th over - 0 runs, 0 hits, 0 errors, 1 left on base; Lake County 0 - Lansing 8
TOP OF THE 7TH
Lake County Captains batting - Pitching for Lansing Lugnuts : RHP David Murphy
Batting: LHB Justin Rankin 0-0: Called Strike
0-1: Fly out, F9 (Flyball, 9LS, EV 89.4 MPH)
Batting: SHB Charlie Diesel 0-0: Ball
1-0: Foul Ball, location: 2F
1-1: Ball
2-1: Foul Ball, location: 2F
2-2: Foul Ball, location: 2F
2-2: Strikes out swinging
Batting: SHB Travis Burnett 0-0: Called Strike
0-1: Called Strike
0-2: Foul Ball, location: 2F
0-2: Ball
1-2: Ball
2-2: Ball
3-2: Foul Ball, location: 2F
3-2: Base on Balls
Batting: RHB Adrian Martinelli 0-0: Swinging Strike
0-1: Foul Ball, location: 2F
0-2: Strikes out swinging
Top of the 7th over - 0 runs, 0 hits, 0 errors, 1 left on base; Lake County 0 - Lansing 8
BOTTOM OF THE 7TH
Lansing Lugnuts batting - Pitching for Lake County Captains : LHP Aaron Manees
Pinch Hitting: RHB Murray Yerzy 0-0: Ball
1-0: Ball
2-0: Foul Ball, location: 2F
2-1: Ball
3-1: Base on Balls
Batting: RHB Luis Reyes 0-0: TRIPLE (Flyball, 7D, EV 103.1 MPH)
Murray Yerzy scores
Batting: SHB Joel Baker 0-0: Foul Ball, location: 2F
0-1: Ball
1-1: Foul Ball, location: 2F
1-2: Foul Ball, location: 2F
1-2: Ball
2-2: Foul Ball, location: 2F
2-2: SINGLE (Groundball, 6M, EV 110.6 MPH) (infield hit)
Luis Reyes scores
Batting: RHB Finn Ross 0-0: Called Strike
0-1: Foul Ball, location: 2F
0-2: SINGLE (Groundball, 56D, EV 101.2 MPH)
Joel Baker to second
Batting: LHB David Ramirez 0-0: Foul Ball, location: 2F
0-1: Ball
1-1: Ball
2-1: Swinging Strike
2-2: 3-RUN HOME RUN (Flyball, 89XD, EV 98.1 MPH), Distance : 394 ft
Pitching: RHP Tatsuhito Shiota
Batting: SHB Jose Garcia 0-0: Foul Ball, location: 2F
0-1: Foul Ball, location: 2F
0-2: Ball
1-2: Fly out, F3 (Popup, 3S, EV 72.5 MPH)
Batting: RHB Ivan Ramirez 0-0: Swinging Strike
0-1: Called Strike
0-2: Strikes out swinging
Batting: RHB Tony Stedman 0-0: Called Strike
0-1: Swinging Strike
0-2: Ball
1-2: Ball
2-2: Strikes out swinging
Bottom of the 7th over - 5 runs, 4 hits, 0 errors, 0 left on base; Lake County 0 - Lansing 13
TOP OF THE 8TH
Lake County Captains batting - Pitching for Lansing Lugnuts : RHP David Murphy
Now at 3B: Kyle Silveira
Batting: LHB Danny Moreno 0-0: Ball
1-0: Foul Ball, location: 2F
1-1: SINGLE (Groundball, 34D, EV 109.4 MPH)
Batting: LHB Ubbe de Bruin 0-0: Called Strike
0-1: Foul Ball, location: 2F
0-2: Strikes out swinging
Batting: LHB Alan Kelly 0-0: Ball
1-0: Fly out, F8 (Line Drive, 8LD, EV 108.8 MPH)
Pitching: LHP Trevor Kelley
Batting: LHB Tim Fuller 0-0: Called Strike
0-1: Ball
1-1: Swinging Strike
1-2: Strikes out swinging
Top of the 8th over - 0 runs, 1 hit, 0 errors, 1 left on base; Lake County 0 - Lansing 13
BOTTOM OF THE 8TH
Lansing Lugnuts batting - Pitching for Lake County Captains : RHP Tatsuhito Shiota
Batting: RHB Bryan Westray 0-0: Foul Ball, location: 2F
0-1: SINGLE (Groundball, 6, EV 97.5 MPH)
Batting: RHB Kyle Silveira 0-0: Ball
1-0: Ball
2-0: Called Strike
2-1: Ball
3-1: Called Strike
3-2: Base on Balls
Bryan Westray to second
Batting: RHB Luis Reyes 0-0: Called Strike
0-1: DOUBLE (Line Drive, 8LD, EV 97.5 MPH)
Bryan Westray scores
Kyle Silveira to third
Pitching: RHP Malachi Shelton
Batting: SHB Joel Baker 0-0: Ball
1-0: Called Strike
1-1: Ground out 1-5-3 (Groundball, 15S, EV 111.2 MPH)
Batting: RHB Finn Ross 0-0: Foul Ball, location: 2F
0-1: TRIPLE (Line Drive, 89XD, EV 103.1 MPH)
Kyle Silveira scores
Luis Reyes scores
Pinch Hitting: LHB Dan Martinez 0-0: Called Strike
0-1: Ground out 4-3 (Groundball, 4, EV 90.0 MPH)
Finn Ross scores
Batting: SHB Jose Garcia 0-0: Foul Ball, location: 2F
0-1: Ball
1-1: Ball
2-1: SINGLE (Flyball, 6MD, EV 90.6 MPH) - OUT at second base trying to stretch hit.
Bottom of the 8th over - 4 runs, 4 hits, 0 errors, 0 left on base; Lake County 0 - Lansing 17
TOP OF THE 9TH
Lake County Captains batting - Pitching for Lansing Lugnuts : LHP Trevor Kelley
Now in LF: Dan Martinez
Batting: LHB Yasuo Igarashi 0-0: Called Strike
0-1: SINGLE (Line Drive, 8LS, EV 100.6 MPH)
Batting: LHB Justin Rankin 0-0: Ball
1-0: Swinging Strike
1-1: Swinging Strike
1-2: Foul Ball, location: 2F
1-2: Ball
2-2: Ball
3-2: SINGLE (Flyball, 9S, EV 86.2 MPH)
Yasuo Igarashi to second
Batting: SHB Charlie Diesel 0-0: Ball
1-0: Ball
2-0: Ball
3-0: Base on Balls
Yasuo Igarashi to third
Justin Rankin to second
Batting: SHB Travis Burnett 0-0: Called Strike
0-1: Ball
1-1: Grounds into double play, 6-4-3 (Groundball, 6M, EV 100.6 MPH)
Yasuo Igarashi scores
Justin Rankin to third
Batting: RHB Adrian Martinelli 0-0: Foul Ball, location: 2F
0-1: Ball
1-1: Ball
2-1: Ball
3-1: Ground out 4-3 (Groundball, 4S, EV 86.9 MPH)
Top of the 9th over - 1 run, 2 hits, 0 errors, 1 left on base; Lake County 1 - Lansing 17
Thursday, March 31st , 2022 - OOTP Baseball 22.12 Build 89